 Dungeon Crawl Stone Soup version 0.31.0-12-g77e489cdc1 (webtiles) character file.

Game seed: 5901895004361976399

7422 Gadfly the Covert (level 10, -4/51 HPs)
             Began as a Spriggan Enchanter on Feb 16, 2024.
             Asphyxiated
             ... on level 10 of the Dungeon.
             The game lasted 00:21:20 (11326 turns).

Gadfly the Covert (Spriggan Enchanter)             Turns: 11326, Time: 00:21:21

Health: -4/51      AC: 11    Str:  4    XL:     10   Next: 93%
Magic:  21/22      EV: 24    Int: 23    God:
Gold:   880        SH:  0    Dex: 20    Spells: 14/24 levels left

rFire   . . .        a - +2 dagger (protect)
rCold   . . .        D - orb {*channel}
rNeg    . . .        J - +0 steam dragon scales
rPois   .            f - +2 hat
rElec   .            F - scarf {+Inv}
rCorr   .            (gloves unavailable)
SInv    +            (boots unavailable)
Will    +....        v - amulet of regeneration
Stlth   +++++        x - +6 ring of intelligence
HPRegen 1.08/turn    y - +4 ring of protection
MPRegen 0.18/turn

%: channel magic (20%)
@: lethally poisoned (-4 -> -18), slowed, quick
A: very small, no large weapons, unfitting armour, see invisible, speed 3
a: Evoke Invisibility


You were on level 10 of the Dungeon.
You visited 1 branch of the dungeon, and saw 10 of its levels.

You collected 1398 gold pieces.
You spent 518 gold pieces at shops.

Inventory:

Hand Weapons
 a - a +2 dagger of protection (weapon)
 j - a +2 whip of flaming
 l - a +0 dagger of venom
 m - a +2 falchion of holy wrath
 s - a +4 whip of venom
 w - a +3 quarterstaff of chaos
Missiles
 k - 2 throwing nets
Armour
 f - a +2 hat (worn)
 D - an orb of energy (worn)
 F - a scarf of invisibility (worn)
 J - +0 steam dragon scales (worn)
Magical Staves
 b - a staff of cold
Jewellery
 e - a ring of resist corrosion
 o - a +5 ring of evasion
 v - an amulet of regeneration (around neck)
 x - a +6 ring of intelligence (left hand)
 y - a +4 ring of protection (right hand)
Wands
 G - a wand of flame (20)
 H - a wand of iceblast (4)
Scrolls
 g - a scroll of poison
 p - 2 scrolls of enchant armour
 r - 2 scrolls of amnesia
 t - 3 scrolls of fear
 z - 2 scrolls of identify
 A - 4 scrolls of teleportation
 E - 4 scrolls of vulnerability
Potions
 c - 2 potions of invisibility
 d - a potion of heal wounds
 h - 2 potions of curing
 i - a potion of attraction
 n - 2 potions of berserk rage
 q - a potion of lignification
 u - a potion of ambrosia
 B - 2 potions of haste
 C - a potion of might
 I - a potion of brilliance


   Skills:
 + Level 5.3 Fighting
 + Level 7.3 Short Blades
 + Level 8.6 Dodging
 + Level 10.7 Stealth
 + Level 7.9 Spellcasting
 + Level 8.5 Hexes
 + Level 8.1 Evocations


You had 14 spell levels left.
You knew the following spells:

 Your Spells              Type           Power      Damage    Failure   Level
a - Ensorcelled Hibernat  Hex/Ice        56%        N/A       8%          2
b - Confusing Touch       Hex            48%        N/A       4%          3
c - Tukima's Dance        Hex            48%        N/A       4%          3
d - Blink                 Tloc           18%        N/A       26%         2

Your spell library contained the following spells:

 Spells                   Type           Power      Damage    Failure   Level
 Sigil of Binding         Hex            48%        N/A       4%          3
 Dazzling Flash           Conj/Hex       56%        N/A       12%         3
 Kiss of Death            Conj/Necr      36%        2d8       19%         1
 Magic Dart               Conj           36%        1d4       19%         1
 Shock                    Conj/Air       36%        1d5       19%         1
 Call Imp                 Summ           18%        N/A       26%         2
 Dimensional Bullseye     Hex/Tloc       14%        N/A       28%         4
 Call Canine Familiar     Summ           9%         N/A       43%         3
 Swiftness                Air            9%         N/A       43%         3
 Airstrike                Air            4%         2d(1-17)  77%         4
 Dispel Undead            Necr           9%         3d8       77%         4
 Ignite Poison            Fire/Alch      9%         N/A       77%         4
 Sticky Flame             Fire/Alch      9%         2d5       77%         4
 Summon Blazeheart Golem  Fire/Summ      9%         N/A       77%         4
 Orb of Destruction       Conj           4%         9d5       100%        7
 Spellforged Servitor     Conj/Summ      4%         N/A       100%        7
 Ignition                 Fire           4%         3d4       100%        8


Dungeon Overview and Level Annotations

Branches:
Dungeon (10/15)            Temple (0/1) D:7            Lair (0/5) D:9
    Orc: D:9-12

Altars:
Ashenzari
Cheibriados
Dithmenos
Elyvilon
Gozag
Makhleb
Qazlal
Sif Muna
Vehumet
Wu Jian
Xom
Yredelemnul

Shops:
D:5 ?   D:7 *

Annotations:
D:10 Maggie; Maurice; Sonja; tymior's ghost, journeyman DrCj


Innate Abilities, Weirdness & Mutations

You are very small and have problems with some larger weapons.
You are too small for most types of armour.
You have supernaturally acute eyesight. (SInv)
You cover ground extremely quickly. (Speed+++)


Message History

Sonja blinks!
You feel sick.
You feel sick. Sonja barely misses you. Sonja hits you but does no damage.
Space warps horribly around you! Sonja hits you but does no damage.
You blink. 4 wights come into view.
Sonja throws a curare-tipped dart.
The curare-tipped dart hits you.
You are more poisoned.
You have difficulty breathing.
* * * LOW HITPOINT WARNING * * *
You feel as though you will be slow longer.
You feel sick.
Sonja mumbles some strange words.
Sonja blinks!
You feel better.
Sonja bows elegantly.
Sonja throws a curare-tipped dart.
The curare-tipped dart closely misses you.
Sonja mumbles some strange words.
Sonja blinks!
Sonja throws a curare-tipped dart.
The curare-tipped dart hits you.
You are poisoned.
You have difficulty breathing.
You feel as though you will be slow longer.
You feel very sick.
You feel very sick.
Sonja mumbles some strange words.
Sonja blinks!
Sonja throws a curare-tipped dart.
The curare-tipped dart hits you.
You are more poisoned.
You have difficulty breathing.
* * * LOW HITPOINT WARNING * * *
You feel as though you will be slow longer.
There is a stone staircase leading up here.
* * * LOW HITPOINT WARNING * * *
You feel extremely sick.
Sonja throws a curare-tipped dart.
The curare-tipped dart hits you.
You are more poisoned.
You have difficulty breathing.
You die...
Sonja applauds herself.

............#
8##........!.##
#~.##.........#
....##........#
..~#c#.......##
#.$#Y#ยง......#
#.~#o#..###)##
...D##......#
~~##..@...##
#.....K.#
##..####.## #..
#....# #..
#....# ..
#....######## .
#z...........
...z............
................


You could see a yaktaur, Sonja, an orc warrior and an acid dragon.

Vanquished Creatures
  2 two-headed ogres
  An unseen horror (D:10)
  2 hornets
  4 yaks (D:9)
  2 wyverns (D:9)
  3 basilisks (D:9)
  2 steam dragons
  6 orc warriors
  An ice beast (D:6)
  A sky beast (D:7)
  4 ogres (D:6)
  2 centaurs
  2 black bears
  2 kobold brigands
  3 bullfrogs
  2 gnoll sergeants
  4 scorpions
  11 killer bees
  3 jellies
  A howler monkey (D:6)
  Crazy Yiuf (D:5)
  4 gnoll boudas
  6 hounds
  6 orc priests
  An iguana (D:7)
  9 orc wizards
  Robin (D:4)
  31 gnolls
  5 adders
  2 white imps
  2 ufetubi (D:6)
  2 dart slugs
  3 ribbon worms
  32 orcs
  8 ball pythons
  8 bats
  6 endoplasms
  6 giant cockroaches
  23 goblins
  17 hobgoblins
  15 jackals
  7 frilled lizards
  19 kobolds
  3 rats (D:3)
275 creatures vanquished.

Notes
Turn   | Place    | Note
-------+----------+-------------------------------------------
     0 | D:1      | Gadfly the Spriggan Enchanter began the quest for the Orb.
     0 | D:1      | Reached XP level 1. HP: 9/9 MP: 5/5
   109 | D:1      | Reached XP level 2. HP: 9/13 MP: 6/6
   131 | D:1      | Learned a level 2 spell: Ensorcelled Hibernation
   684 | D:1      | Reached XP level 3. HP: 17/17 MP: 6/8
   744 | D:1      | Learned a level 3 spell: Confusing Touch
   748 | D:1      | Learned a level 3 spell: Tukima's Dance
   984 | D:2      | Reached skill level 1 in Evocations
  1370 | D:2      | Reached skill level 1 in Fighting
  1395 | D:2      | Reached XP level 4. HP: 7/22 MP: 0/9
  1877 | D:2      | HP: 1/22 [gnoll/+0 flail (7)]
  2227 | D:3      | Reached skill level 5 in Stealth
  2245 | D:3      | Identified a scroll of acquirement
  2245 | D:3      | Acquired 771 gold pieces
  2458 | D:3      | Found a faded altar of an unknown god.
  2738 | D:3      | Reached XP level 5. HP: 16/25 MP: 6/11
  3195 | D:3      | Learned a level 2 spell: Blink
  3227 | D:4      | Reached XP level 6. HP: 30/30 MP: 12/12
  3529 | D:4      | Reached skill level 6 in Stealth
  3786 | D:4      | Reached XP level 7. HP: 33/35 MP: 3/14
  4473 | D:4      | Reached skill level 5 in Hexes
  4570 | D:4      | Noticed Robin
  4573 | D:4      | Killed Robin
  5063 | D:5      | Entered Level 5 of the Dungeon
  5204 | D:5      | Noticed a hornet
  5211 | D:5      | Killed a hornet
  5212 | D:5      | Reached skill level 5 in Dodging
  5212 | D:5      | Found Wose's Magic Scroll Shoppe.
  5230 | D:5      | Reached XP level 8. HP: 39/39 MP: 16/16
  5323 | D:5      | Bought a scroll of fear for 56 gold pieces
  5393 | D:5      | Reached skill level 7 in Stealth
  5397 | D:5      | Reached skill level 5 in Spellcasting
  5577 | D:5      | Found a white marble altar of Elyvilon.
  5616 | D:5      | Found a basalt altar of Yredelemnul.
  5930 | D:5      | Found a runed translucent door.
  5931 | D:5      | Noticed Crazy Yiuf
  5939 | D:5      | Killed Crazy Yiuf
  6081 | D:6      | Reached skill level 5 in Evocations
  6473 | D:6      | Found an ornate altar of the Wu Jian Council.
  6487 | D:6      | Found a burning altar of Makhleb.
  6517 | D:6      | Reached skill level 5 in Short Blades
  6827 | D:6      | Reached skill level 8 in Stealth
  6861 | D:6      | Reached XP level 9. HP: 27/44 MP: 6/18
  7712 | D:6      | Found a broken altar of Ashenzari.
  7713 | D:6      | Found a snail-covered altar of Cheibriados.
  7717 | D:6      | Found a shimmering blue altar of Sif Muna.
  7719 | D:6      | Found an opulent altar of Gozag.
  8184 | D:7      | Found a shimmering altar of Xom.
  8210 | D:7      | Found Qaneqom's Neck Hole.
  8265 | D:7      | Bought a scarf of invisibility for 132 gold pieces
  8276 | D:7      | Bought an amulet of regeneration for 330 gold pieces
  8290 | D:7      | Found a shadowy altar of Dithmenos.
  8508 | D:7      | Found a stormy altar of Qazlal.
  8763 | D:7      | Found a staircase to the Ecumenical Temple.
  9207 | D:8      | Reached skill level 9 in Stealth
  9453 | D:8      | Found a radiant altar of Vehumet.
  9622 | D:8      | Noticed a two-headed ogre
  9629 | D:8      | Killed a two-headed ogre
  9630 | D:8      | Reached XP level 10. HP: 51/51 MP: 21/21
 10600 | D:9      | Reached skill level 10 in Stealth
 10770 | D:9      | Reached skill level 5 in Fighting
 10848 | D:9      | Found a staircase to the Lair.
 11196 | D:9      | Noticed a two-headed ogre
 11198 | D:9      | Killed a two-headed ogre
 11280 | D:10     | Entered Level 10 of the Dungeon
 11289 | D:10     | Noticed Maurice
 11291 | D:10     | Noticed Sonja
 11293 | D:10     | Noticed Maggie
 11301 | D:10     | Noticed tymior's ghost (journeyman DrCj)
 11326 | D:10     | Asphyxiated

Illustrated notes

Levels and vault maps discovered:
D:1:      minmay_arrival_diagonal_passages, layout_loops_ring
D:2:      layout_basic
D:3:      minmay_chambers_of_threes, layout_rooms,
          dreamdust_ecumenical_altar_grove
D:4:      kennysheep_goblin_castle, layout_basic, kennysheep_generic_room_15
D:5:      layout_cave_pools, lemuel_doored_altar,
          mainiacjoe_overflow_small_starburst, serial_shops,
          nicolae_shop_hallway_plus, uniq_crazy_yiuf_cottage
D:6:      kennysheep_housing_project, layout_loops_ring,
          overflow_temple_1_default, makhleb_heckhound_becter, minitemple
D:7:      layout_basic, kennysheep_mini, mainiacjoe_overflow_boulevard,
          grunt_qazlal_sundering, minmay_temple_entry_sparse_star,
          nicolae_shop_sticking_my_neck_out
D:8:      layout_basic, nicolae_vehumet_radiance, minivault_24,
          hangedman_abyss_or_decor_clamps
D:9:      layout_basic, erik_lair_dragon
D:10:     minmay_the_grid_triangle_9x9_rhombus_thin
          [minmay_the_grid_triangle_9x9_from_above,
          minmay_the_grid_triangle_9x9_prize_top_heavy,
          minmay_the_grid_triangle_9x9_sparse_checkered,
          minmay_the_grid_triangle_9x9_skeleton], layout_grid_maze,
          nzn_ghost_randoct, kennysheep_nondescript, uniq_maggie, uniq_maurice,
          uniq_josephine, uniq_sonja

Skill      XL: |  1  2  3  4  5  6  7  8  9 10 |
---------------+-------------------------------+-----
Dodging        | 3 4 5 6 7 8 |  8.6
Spellcasting   | 3 4 5 7 |  7.9
Short Blades   | 2 3 4 5 6 7 |  7.3
Evocations     | 1 2 3 4 5 7 8 |  8.1
Fighting       | 1 2 3 4 5 |  5.3
Hexes          | 4 5 6 7 8 |  8.5
Stealth        | 5 6 8 9 10 | 10.7

Action                     |  1- 3 |  4- 6 |  7- 9 | 10-12 || total
---------------------------+-------+-------+-------+-------++-------
  Melee: Dagger            |    97 |   146 |   438 |    72 ||   753
         Punch             |     2 |       |     6 |       ||     8
         Staff             |       |     1 |       |       ||     1
   Cast: Ensorcelled Hiber |    15 |    50 |   147 |    54 ||   266
         Confusing Touch   |       |     1 |     3 |       ||     4
    Use: Scroll            |     3 |     5 |    10 |     2 ||    20
         Potion            |       |       |     1 |     1 ||     2
   Stab: Sleeping          |    14 |    47 |   104 |    38 ||   203
         Distracted        |     1 |     1 |       |       ||     2
         Confused          |       |     1 |     2 |       ||     3
 Armour: Robe              |    31 |    50 |   125 |    21 ||   227
         Steam dragon scal |       |       |       |    13 ||    13
  Dodge: Dodged            |   114 |   137 |   473 |    99 ||   823
